 Dungeon Crawl Stone Soup version 0.27.1-2-g3b301248ec (webtiles) character file.

Game seed: 10971711807416199372

21 Kangaroobicon the Skirmisher (level 2, -7/27 HPs)
             Began as a Minotaur Monk on Oct 1, 2021.
             Engulfed by a cloud of flame (27 damage)
             ... on level 1 of the Dungeon.
             The game lasted 00:05:26 (422 turns).

Kangaroobicon the Skirmisher (Minotaur Monk)         Turns: 422, Time: 00:05:27

Health: -7/27      AC:  2    Str: 15    XL:     2   Next: 65%
Magic:  1/1        EV: 13    Int:  7    God:
Gold:   18         SH:  0    Dex: 12    Spells: 1/1 levels left

rFire    . . .     SeeInvis .     - Unarmed
rCold    . . .     Faith    .   (no shield)
rNeg     . . .     Spirit   .   a - +0 robe
rPois    .         Reflect  .   (helmet restricted)
rElec    .         Harm     .   (no cloak)
rCorr    .         Rampage  .   (no gloves)
Will     .....                  (no boots)
Stlth    ++........             (no amulet)
HPRegen  0.09/turn              (no ring)
MPRegen  0.07/turn              (no ring)

@: no status effects
A: horns 2, retaliatory headbutt
a: no special abilities


You were on level 1 of the Dungeon.
You visited 1 branch of the dungeon, and saw 1 of its levels.

You collected 18 gold pieces.

Inventory:

Hand Weapons
 c - a +2 dagger of draining
Armour
 a - a +0 robe (worn)
Magical Staves
 d - a staff of fire
Potions
 b - a potion of berserk rage {unknown}


   Skills:
 + Level 4.2 Fighting
 + Level 3.5 Dodging
 + Level 1.7 Stealth
 + Level 3.5 Unarmed Combat


You had one spell level left.
You didn't know any spells.
Your spell library was empty.

Dungeon Overview and Level Annotations

Branches:
Dungeon (1/15)

Altars:


Innate Abilities, Weirdness & Mutations

You have a pair of horns on your head.
You reflexively headbutt those who attack you in melee.


Message History

A rat comes into view.
A ball python comes into view.
The helpless rat fails to defend itself.
You hit the rat.
You kill the rat!
The ball python hisses angrily.
You hit the ball python.
You kill the ball python!
Found 14 gold pieces.
You now have 18 gold pieces (gained 14).
A rat comes into view.
The rat misses you.
You closely miss the rat. The rat closely misses you.
You hit the rat.
You kill the rat!
You see here a rat corpse.
An endoplasm comes into view.
You hit the endoplasm but do no damage. The endoplasm misses you.
You hit the endoplasm but do no damage. The endoplasm freezes you.
You are frozen.
You hit the endoplasm.
The endoplasm is moderately wounded.
The endoplasm hits you.
You hit the endoplasm.
The endoplasm is heavily wounded.
The endoplasm freezes you.
You are frozen.
You hit the endoplasm.
You kill the endoplasm!
Your life force feels restored.
Found a rat skeleton.
Really walk into a travel-excluded area?
Uppercase [Y]es or [N]o only, please.
Really walk into a travel-excluded area?
Really walk into that cloud of flame?
Okay, then.
You are engulfed in blazing flames.
Ouch! That really hurt!
You die...

##.# #.## #..# #..#
#.## ##.# #.# #...#
#.# #§☼§# #.# #.°○#
####.# #☼§○#
.....#####...#######
####..§§☼.[..(☼§@..#
# #..§○○.....○§°..# #
#..☼§○.$![.°○§..#####
#
#.#####...#####.....#
# #.# #°§°# #.###.# #
#.# #☼○§# #.# #†#
###.# #§☼§# #.# #.#
##.#.#####...# ###
#.# #.#....##...# #.#


There were no monsters in sight!

Vanquished Creatures
  2 dart slugs (D:1)
  2 ball pythons (D:1)
  An endoplasm (D:1)
  3 goblins (D:1)
  A hobgoblin (D:1)
  2 jackals (D:1)
  A bat (D:1)
  5 rats (D:1)
17 creatures vanquished.

Vanquished Creatures (others)
  A hobgoblin (D:1)
  A ball python (D:1)
  A rat (D:1)
3 creatures vanquished.

Grand Total: 20 creatures vanquished

Notes
Turn   | Place    | Note
-------+----------+-------------------------------------------
     0 | D:1      | Kangaroobicon the Minotaur Monk began the quest for the
                  | Orb.
     0 | D:1      | Reached XP level 1. HP: 19/19 MP: 0/0
   104 | D:1      | Reached skill level 4 in Fighting
   110 | D:1      | Reached XP level 2. HP: 14/27 MP: 1/1
   422 | D:1      | Engulfed by a cloud of flame

Illustrated notes

Levels and vault maps discovered:
D:1:      roderic_chinese_lattice_arrival, layout_loops_cross,
          lemuel_flame_loot_1

Skill      XL: |  1 |
---------------+----+-----
Fighting       | 4 |  4.2
Dodging        | |  3.5
Stealth        | |  1.7
Unarmed Combat | |  3.5

Action                   || total
-------------------------++-------
Melee: Unarmed           ||    31
       Headbutt          ||     8
 Stab: Sleeping          ||     1
Armor: Robe              ||     1
Dodge: Dodged            ||    14
